 Dungeon Crawl Stone Soup version 0.17-a0-1711-gc5340a3 (webtiles) character file.

2727 kae the Arsonist (level 9, 0/45 HPs)
             Began as a Tengu Fire Elementalist on Aug 22, 2015.
             Was a Follower of Vehumet.
             Slain by an orc
             ... wielding a +0 mace
              (6 damage)
             ... on level 6 of the Dungeon.
             The game lasted 00:11:22 (9350 turns).

kae the Arsonist (Tengu Fire Elementalist)          Turns: 9350, Time: 00:11:22

Health: 0/45       AC:  5    Str:  8    XL:     9   Next: 67%
Magic:  7/13       EV: 12    Int: 20    God:    Vehumet [*.....]
Gold:   335        SH:  0    Dex: 14    Spells: 4 memorised, 2 levels left

rFire  . . .     SeeInvis .     H - +2 halberd (venom)
rCold  . . .     Clarity  .     a - +0 robe
rNeg   . . .     SustAt   .     (no shield)
rPois  .         Gourm    .     (helmet restricted)
rElec  .         Spirit   .     o - +0 cloak
rCorr  .         Warding  .     i - +1 pair of gloves
rMut   .         Stasis   .     (boots unavailable)
MR     .....                    (no amulet)
Stlth  ++........               (no ring)
                                (no ring)

@: not resistant to hostile enchantments, unstealthy
A: beak, talons 3, able to fly 1
a: Fly, Renounce Religion


You were on level 6 of the Dungeon.
You worshipped Vehumet.
Vehumet was aware of your devotion.
You were hungry.

You visited 2 branches of the dungeon, and saw 8 of its levels.

You collected 335 gold pieces.

Inventory:

Hand weapons
 f - a +1 whip of venom
 v - a +0 spear
 H - a +2 halberd of venom (weapon)
Armour
 a - a +0 robe (worn)
 i - a +1 pair of gloves (worn)
 o - a +0 cloak (worn)
Jewellery
 g - a +3 ring of dexterity {unknown}
 z - an uncursed ring of protection from fire {unknown}
Magical devices
 m - a wand of magic darts (13)
 w - a wand of flame (20)
 I - a wand of paralysis (24)
Scrolls
 e - 7 scrolls of identify
 k - a scroll of blinking
 r - 4 scrolls of remove curse
 s - 2 scrolls of magic mapping
 u - a scroll of recharging
Potions
 j - 2 potions of heal wounds {unknown}
 l - 3 potions of agility
 n - a potion of cancellation {unknown}
 p - a potion of curing {unknown}
 t - a potion of poison {unknown}
 C - a potion of might
 D - a potion of flight {unknown}
 F - a potion of degeneration {unknown}
 G - a potion of magic {unknown}
Books
 b - a book of Flames

   Spells                             Type                      Level
   a - Flame Tongue                   Conjuration/Fire             1
   b - Throw Flame                    Conjuration/Fire             2
   c - Conjure Flame                  Conjuration/Fire             3
   d - Inner Flame                    Hexes/Fire                   3
   e - Sticky Flame                   Conjuration/Fire             4
   f - Fireball                       Conjuration/Fire             5
Comestibles
 c - 5 bread rations
 d - 4 meat rations
 E - 2 royal jellies


   Skills:
 - Level 2.1 Dodging
 - Level 2.0 Stealth
 - Level 2.0 Spellcasting
 - Level 1.3 Conjurations
 + Level 13.8 Fire Magic


You had 2 spell levels left.
You knew the following spells:

 Your Spells              Type           Power        Failure   Level  Hunger
a - Flame Tongue          Conj/Fire      ####.        1%          1    #......
b - Throw Flame           Conj/Fire      ####..       1%          2    ##.....
c - Conjure Flame         Conj/Fire      ####....     1%          3    ###....
d - Sticky Flame          Conj/Fire      ####....     10%         4    #####..


Dungeon Overview and Level Annotations

Branches:
Dungeon (7/15)             Temple (1/1) D:5

Altars:
Ashenzari
Cheibriados
Elyvilon
Fedhas
Gozag
Kikubaaqudgha
Makhleb
Nemelex Xobeh
Qazlal
Sif Muna
Trog
Vehumet
Xom
Yredelemnul
Zin
The Shining One

Shops:
D:5 (

Annotations:
D:7 Joseph


Innate Abilities, Weirdness & Mutations

You have a beak for a mouth.
You have claws for feet.
You can fly.


Message History

The flame tongue hits the orc.
The orc is severely wounded.
Casting: Flame Tongue
Confirm with . or Enter, or press ? or * to list all spells.
Aiming: Flame Tongue
Press: ? - help, Shift-Dir - straight line, f/p - orc
Aim: an orc, wielding a mace and wearing a scale mail (severely wounded)
The flame tongue hits the orc.
You kill the orc!
Vehumet accepts your kill. The orc barely misses you.
Casting: Flame Tongue
Confirm with . or Enter, or press ? or * to list all spells.
Aiming: Flame Tongue
Press: ? - help, Shift-Dir - straight line, f - orc
Aim: an orc, wielding a mace The flame tongue hits the orc.
The orc is moderately wounded.
The orc hits you with a mace.
You die...

....#..#...........)))[.....#
#.<....#....................#
#.#.........................#
.......#..........#.........# #
#.#.........................# ##
#.###..##...#............#### ##.
.................#.......## #..
...................#......# #..
...............)@.........#####..
#..............)o).......##......
#........................##.#####
##.......#.....##.........(<.....
######...............#..........
#.##............##..#......
#.##.............##.).....#
#.))................###.#.(
##.###....................#.


You could see an orc.

Vanquished Creatures
  The ghost of 4thArraOfDagon the Chopper, an experienced NaCK of Xom (D:5)
  A hippogriff (D:5)
  Duvessa (D:4)
  2 ice beasts
  A wasp (D:7)
  6 ogres
  2 centaurs
  Blork the orc (D:6)
  3 giant frogs
  2 scorpions
  Dowan (D:4)
  4 crimson imps
  A jelly (D:7)
  A giant frog zombie (D:7)
  An iron imp (D:6)
  2 orc priests
  3 giant frog skeletons
  2 hounds
  An iguana (D:7)
  An orc wizard (D:6)
  3 worker ants
  A hound zombie (D:7)
  8 adders
  6 gnolls
  5 oozes
  4 worms
  An adder zombie (D:7)
  7 giant geckos
  15 orcs
  5 bats
  7 giant cockroaches
  6 goblins
  10 hobgoblins
  7 kobolds
  3 quokkas
  A giant gecko skeleton (D:5)
  6 giant newts
  6 jackals (D:5)
  2 jackal skeletons (D:6)
  A quokka skeleton (D:7)
  7 rats
148 creatures vanquished.

Vanquished Creatures (others)
  A jelly (D:5)
  An adder zombie (D:5)
  An orc (D:6)
3 creatures vanquished.

Grand Total: 151 creatures vanquished

Notes
Turn   | Place    | Note
--------------------------------------------------------------
     0 | D:1      | kae the Tengu Fire Elementalist began the quest for the Orb.
     0 | D:1      | Reached XP level 1. HP: 10/10 MP: 4/4
    73 | D:1      | Reached XP level 2. HP: 13/15 MP: 4/6
   116 | D:1      | Reached skill level 4 in Fire Magic
   588 | D:1      | Reached XP level 3. HP: 8/19 MP: 7/7
  1346 | D:2      | Reached skill level 5 in Fire Magic
  1621 | D:2      | Reached XP level 4. HP: 21/24 MP: 8/8
  1923 | D:2      | Found a burning altar of Makhleb.
  1953 | D:2      | Found an opulent altar of Gozag.
  2632 | D:3      | Learned a level 2 spell: Throw Flame
  2636 | D:3      | Learned a level 3 spell: Conjure Flame
  2648 | D:3      | Reached skill level 6 in Fire Magic
  2723 | D:3      | Gained mutation: You can fly. [Tengu growth]
  2723 | D:3      | Reached XP level 5. HP: 22/28 MP: 3/9
  3019 | D:3      | Found a glowing golden altar of the Shining One.
  3019 | D:3      | Found a white marble altar of Elyvilon.
  3020 | D:3      | Found a glowing silver altar of Zin.
  3384 | D:4      | Noticed an ogre
  3389 | D:4      | Killed an ogre
  3389 | D:4      | Reached skill level 7 in Fire Magic
  3475 | D:4      | Reached XP level 6. HP: 29/32 MP: 10/10
  3550 | D:4      | Noticed an ogre
  3562 | D:4      | Killed an ogre
  3756 | D:4      | Reached skill level 8 in Fire Magic
  3866 | D:4      | Found a basalt altar of Yredelemnul.
  4078 | D:4      | Found a burning altar of Makhleb.
  4078 | D:4      | Noticed a balrug
  4137 | D:4      | Noticed Dowan
  4138 | D:4      | Noticed Duvessa
  4170 | D:4      | Killed Dowan
  4170 | D:4      | Reached XP level 7. HP: 36/36 MP: 0/11
  4327 | D:4      | Found a shimmering altar of Xom.
  4424 | D:4      | Killed Duvessa
  4424 | D:4      | Reached skill level 9 in Fire Magic
  4529 | D:5      | Entered Level 5 of the Dungeon
  4621 | D:5      | Found Suce's Antique Weapon Shop.
  4623 | D:5      | Noticed Blork the orc
  4704 | D:5      | Found a deep blue altar of Sif Muna.
  5115 | D:5      | Noticed a hippogriff
  5146 | D:5      | Killed a hippogriff
  5146 | D:5      | Reached skill level 10 in Fire Magic
  5146 | D:5      | Reached XP level 8. HP: 39/41 MP: 1/12
  5344 | D:5      | Found a staircase to the Ecumenical Temple.
  5402 | Temple   | Entered the Ecumenical Temple
  5410 | Temple   | Became a worshipper of Vehumet
  5609 | D:5      | Noticed 4thArraOfDagon's ghost (experienced NaCK)
  6095 | D:6      | Killed Blork the orc
  6095 | D:6      | Reached skill level 11 in Fire Magic
  6564 | D:6      | Found a snail-covered altar of Cheibriados.
  7309 | D:7      | Found a bloodstained altar of Trog.
  7363 | D:7      | Reached skill level 12 in Fire Magic
  7414 | D:7      | Found a shattered altar of Ashenzari.
  7585 | D:7      | Reached XP level 9. HP: 35/45 MP: 7/13
  7659 | D:7      | Paralysed by an orc for 3 turns
  7827 | D:7      | Learned a level 4 spell: Sticky Flame
  7829 | D:7      | Acquired Vehumet's first power
  7829 | D:7      | Offered knowledge of Sting by Vehumet.
  8109 | D:6      | Reached skill level 13 in Fire Magic
  8358 | D:5      | Paralysed by 4thArraOfDagon's ghost for 3 turns
  8363 | D:5      | Killed 4thArraOfDagon's ghost
  9270 | D:7      | Noticed Joseph
  9350 | D:6      | Slain by an orc

Vault maps used:
D:1:      nagdon_arrival_zigzag_paths
D:2:      lemuel_doored_altar, nicolae_overflow_crystal_walls,
          minmay_crystal_room
D:3:      good_gods_temple_1
D:4:      xom_teletrap_fun, overflow_temple_1_default,
          makhleb_altar_promises_db, uniq_duvessa
D:5:      lemuel_crystal_altar, lemuel_temple_firewalk_marked, serial_shops,
          nicolae_shop_crystal, first_bread,
          hangedman_abyss_or_decor_jellyfish_corner, uniq_blork_the_orc
D:6:      slow_altar_1
D:7:      lemuel_crystal_altar, overflow_temple_1_default, uniq_joseph
Temple:   circular_temple_6

Action                   |  1- 3 |  4- 6 |  7- 9 || total
-------------------------+-------+-------+-------++-------
Melee: Unarmed           |     1 |       |       ||     1
       Whip              |    72 |    60 |   108 ||   240
       Spear             |       |       |    52 ||    52
       Halberd           |       |       |     8 ||     8
 Cast: Flame Tongue      |    23 |    64 |   125 ||   212
       Conjure Flame     |       |     3 |     8 ||    11
       Throw Flame       |       |     1 |    37 ||    38
       Sticky Flame      |       |       |     1 ||     1
  Use: Scroll            |       |       |    12 ||    12
       Potion            |       |       |     1 ||     1
 Stab: Sleeping          |     4 |     5 |     2 ||    11
       Distracted        |       |       |     1 ||     1
  Eat: Chunk             |     2 |     9 |    18 ||    29
       Beef jerky        |       |       |     2 ||     2
       Pizza             |       |       |     1 ||     1
